 Dungeon Crawl Stone Soup version 0.30.0-29-ga12c61a403 (webtiles) character file.

Game seed: 6350419211203085742

134 Sabo the Gusty (level 4, -5/34 HPs)
             Began as a Draconian Air Elementalist on June 13, 2023.
             Slain by a gnoll
             ... wielding a +0 halberd
              (12 damage)
             ... on level 3 of the Dungeon.
             The game lasted 00:11:30 (3056 turns).

Sabo the Gusty (Draconian Air Elementalist)         Turns: 3056, Time: 00:11:31

Health: -5/34      AC:  5    Str: 10    XL:     4   Next: 95%
Magic:  4/8        EV: 12    Int: 18    God:
Gold:   196        SH:  0    Dex: 11    Spells: 7/8 levels left

rFire   . . .        h - +2 short sword (venom)
rCold   . . .        (no shield)
rNeg    . . .        (body armour unavailable)
rPois   .            (helmet restricted)
rElec   .            (no cloak)
rCorr   .            (no gloves)
SInv    .            (no boots)
Will    .....        (no amulet)
Stlth   ++           (no ring)
HPRegen 0.25/turn    (no ring)
MPRegen 0.11/turn

%: no passive effects
@: no status effects
A: AC +5, unfitting armour, cold-blooded
a: no special abilities


You were on level 3 of the Dungeon.
You visited 1 branch of the dungeon, and saw 3 of its levels.

You collected 196 gold pieces.

Inventory:

Hand Weapons
 g - a +0 sling
 h - a +2 short sword of venom (weapon)
Missiles
 c - 3 poisoned darts
Scrolls
 e - 3 scrolls of teleportation
Potions
 a - a potion of magic
 b - 4 potions of brilliance {unknown}
 d - 3 potions of curing {unknown}
 f - 2 potions of resistance {unknown}
 i - a potion of cancellation {unknown}
 j - 2 potions of attraction {unknown}


   Skills:
 + Level 0.4 Fighting
 + Level 0.1 Short Blades
 + Level 1.8 Dodging
 + Level 2.0 Stealth
 + Level 2.8 Spellcasting
 + Level 1.5 Conjurations
 + Level 4.7 Air Magic


You had 7 spell levels left.
You knew the following spells:

 Your Spells              Type           Power      Damage    Failure   Level
a - Shock                 Conj/Air       52%        1d6       4%          1

Your spell library contained the following spells:

 Spells                   Type           Power      Damage    Failure   Level
 Static Discharge         Conj/Air       26%        2-4/arc   7%          2
 Swiftness                Air            19%        N/A       7%          3
 Magic Dart               Conj           32%        1d4       9%          1
 Searing Ray              Conj           16%        2d5       13%         2
 Airstrike                Air            9%         2d(2-18)  22%         4
 Hailstorm                Conj/Ice       5%         3d4       36%         3
 Fulminant Prism          Conj/Hex       2%         3d5       77%         4
 Ice Form                 Ice/Tmut       2%         N/A       86%         4
 Simulacrum               Ice/Necr       1%         N/A       100%        6


Dungeon Overview and Level Annotations

Branches:
Dungeon (3/15)

Altars:


Innate Abilities, Weirdness & Mutations

Your plain brown scales are hard. (AC +5)
You cannot fit into any form of body armour.
You are cold-blooded and may be slowed by cold attacks.


Message History

Confirm with . or Enter, or press ? or * to list all spells.
Aiming: Shock (safe; 4% risk of failure)
Press: ? - help, Shift-Dir - straight line, f/p - gnoll
Aim: a gnoll, wielding a +0 spear and wearing a +0 robe (72% to hit)
The zap hits the gnoll.
The gnoll is moderately wounded.
The zap hits the gnoll.
The gnoll is moderately wounded.
The gnoll closely misses you. x2
Casting: Shock (safe; 4% risk of failure)
Confirm with . or Enter, or press ? or * to list all spells.
Aiming: Shock (safe; 4% risk of failure)
Press: ? - help, Shift-Dir - straight line, f/p - gnoll
Aim: a gnoll, wielding a +0 spear and wearing a +0 robe (moderately wounded, 72% to hit)
The zap hits the gnoll.
The gnoll is moderately wounded.
The zap hits the gnoll.
The gnoll is moderately wounded.
The gnoll barely misses you.
The gnoll hits you from afar with a +0 spear.
Unknown command.
Casting: Shock (safe; 4% risk of failure)
Confirm with . or Enter, or press ? or * to list all spells.
Aiming: Shock (safe; 4% risk of failure)
Press: ? - help, Shift-Dir - straight line, f/p - gnoll
Aim: a gnoll, wielding a +0 spear and wearing a +0 robe (moderately wounded, 72% to hit)
The zap hits the gnoll.
The gnoll is heavily wounded.
The gnoll barely misses you. The gnoll completely misses you.
The gnoll closely misses you.
The gnoll hits you from afar with a +0 spear.
The gnoll hits you from afar with a +0 halberd.
The gnoll barely misses you.
The gnoll hits you from afar with a +0 halberd!
* * * LOW HITPOINT WARNING * * *
The gnoll misses you. The gnoll barely misses you.
A dart slug comes into view.
The gnoll hits you from afar with a +0 halberd!
You die...

..........##.###.# ##..##...#
......#....#.# ..## ##..#...#
..................# ...#...#
#######......###w. ..##.###
....###...##...... ..###.#
.................# .###..######
...........# ##..######........#
##.#..###.## #..g......####....
##.#..# #.######@.g).............
......###.##......g....######..
..........o..#######.#.# #
...#........### ##....# ...
......####....####....#######g...
...........## ............g.goo..
............######..#.8#8..##o...
......................#/#..# .
..##...###..####...##.8#8...g


You could see 3 gnolls, a dart slug (wandering) and an orc (wandering).

Vanquished Creatures
  An iguana (D:3)
  2 gnolls
  4 adders
  A worm (D:2)
  4 dart slugs
  An orc (D:3)
  5 ball pythons
  A bat (D:1)
  An endoplasm (D:3)
  2 giant cockroaches (D:1)
  A goblin (D:3)
  4 hobgoblins
  3 quokkas
  3 frilled lizards
  7 kobolds
  7 rats
47 creatures vanquished.

Notes
Turn   | Place    | Note
-------+----------+-------------------------------------------
     0 | D:1      | Sabo the Draconian Air Elementalist began the quest for the
                  | Orb.
     0 | D:1      | Reached XP level 1. HP: 14/14 MP: 3/3
   339 | D:1      | Reached XP level 2. HP: 20/20 MP: 0/5
  1176 | D:2      | Reached XP level 3. HP: 26/26 MP: 1/6
  1495 | D:2      | Reached skill level 4 in Air Magic
  2194 | D:3      | Reached XP level 4. HP: 33/33 MP: 7/7
  3056 | D:3      | Slain by a gnoll

Illustrated notes

Levels and vault maps discovered:
D:1:      dpeg_arrival_windows_large_door, layout_rooms
D:2:      layout_rooms
D:3:      layout_rooms, minmay_statues_item, minmay_cupped

Skill      XL: |  1  2  3  4 |
---------------+-------------+-----
Air Magic      | 4 |  4.7
Stealth        | 2 |  2.0
Fighting       | |  0.4
Short Blades   | |  0.1
Dodging        | |  1.8
Spellcasting   | |  2.8
Conjurations   | |  1.5

Action                     |  1- 3 |  4- 6 || total
---------------------------+-------+-------++-------
  Melee: Dagger            |     7 |       ||     7
         Tailslap          |     3 |     1 ||     4
         Short sword       |     9 |     8 ||    17
   Cast: Shock             |    72 |    33 ||   105
    Use: Scroll            |     2 |     1 ||     3
 Armour: Skin              |     3 |     3 ||     6
  Dodge: Dodged            |    13 |    14 ||    27
